 Dungeon Crawl Stone Soup version 0.23-a0-586-gacb4b3f (webtiles) character file.

146 Inarius the Skirmisher (level 5, 0/64 HPs)
             Began as a Demonspawn Chaos Knight on Dec 19, 2018.
             Was a Plaything of Xom.
             Succumbed to an orc wizard's poison
             ... on level 3 of the Dungeon.
             The game lasted 00:05:18 (2921 turns).

Inarius the Skirmisher (Demonspawn Chaos Knight)    Turns: 2921, Time: 00:05:19

Health: 0/64       AC:  8    Str: 19    XL:     5   Next: 7%
Magic:  5/5        EV: 12    Int: 13    God:    Xom [....*.]
Gold:   79         SH:  0    Dex: 12    Spells: 4/4 levels left

rFire    + . .     SeeInvis .   a - +0 hand axe (chaos)
rCold    x . .     Gourm    .   (no shield)
rNeg     . . .     Faith    .   b - +3 leather armour
rPois    .         Spirit   .   (no helmet)
rElec    .         Reflect  .   (no cloak)
rCorr    .         Harm     .   (no gloves)
MR       .....                  (no boots)
Stlth    ..........             (no amulet)
HPRegen  0.20/turn              k - ring of fire
MPRegen  0.09/turn              (no ring)

@: mighty, berserking, lethally poisoned (0 -> -24), very quick
A: yellow scales 1, powered by pain 1
a: Renounce Religion


You were on level 3 of the Dungeon.
You worshipped Xom.
You were a beloved toy of Xom.
You were not hungry.

You visited 1 branch of the dungeon, and saw 3 of its levels.

You collected 79 gold pieces.

Inventory:

Hand Weapons
 a - a +0 hand axe of chaos (weapon)
 i - a -1 hand axe
Armour
 b - a +3 leather armour (worn)
Jewellery
 k - a ring of fire (left hand)
Scrolls
 j - a scroll of fog
 l - a scroll of remove curse
Potions
 e - a potion of haste
 g - a potion of might
Comestibles
 c - 5 rations


   Skills:
 * Level 4.7 Fighting
 - Level 2.8 Axes
 + Level 0.7 Throwing
 + Level 2.5 Armour
 + Level 1.8 Dodging


You had 4 spell levels left.
You didn't know any spells.
Your spell library was empty.

Dungeon Overview and Level Annotations

Branches:
Dungeon (3/15)

Altars:
Gozag
Nemelex Xobeh
Wu Jian
Xom

Annotations:
D:2 2 transporters


Innate Abilities, Weirdness & Mutations

You are partially covered in yellow scales. (AC +2)
You sometimes gain a little power by taking damage.


Message History

The orc wizard hits you with a +0 dagger of venom.
* * * LOW HITPOINT WARNING * * *
The orc barely misses you. The orc wizard closely misses you.
It was a potion of berserk rage.
A red film seems to cover your vision as you go berserk!
You feel yourself moving faster!
You feel mighty!
* * * LOW HITPOINT WARNING * * *
You feel sick. The orc wizard closely misses you.
The orc completely misses you.
You slash the orc wizard!
You kill the orc wizard!
You have reached level 5!
* * * LOW HITPOINT WARNING * * *
You feel sick.
You are too berserk!
* * * LOW HITPOINT WARNING * * *
You feel sick. The orc hits you but does no damage.
You barely miss the orc.
You die...
Xom thinks this is hilarious!

#...........o...
#...?.........
#...<)........
####....._....... .
#......†_.._..... ...
.........†...#.......
#.##..[..%...# #.#.. #
##.†#).#.o###....##
#....##..@).......
...#..##...).......
............)....)..
......_...............
#............._.......
#................_....
..!#._...........
...#......_...... ..
#....##.......


You could see an orc.

Vanquished Creatures
  An orc wizard (D:3)
  3 adders (D:2)
  2 oozes (D:1)
  2 worms (D:2)
  3 dart slugs
  A leopard gecko (D:2)
  An orc (D:3)
  2 ball pythons
  7 bats
  5 giant cockroaches (D:1)
  7 goblins
  6 hobgoblins
  10 jackals
  9 kobolds
  6 frilled lizards
  7 rats
72 creatures vanquished.

Notes
Turn   | Place    | Note
-------+----------+-------------------------------------------
     0 | D:1      | Inarius the Demonspawn Chaos Knight began the quest for the
                  | Orb.
     0 | D:1      | Reached XP level 1. HP: 18/18 MP: 1/1
    86 | D:1      | Gained mutation: You sometimes gain a little power by
                  | taking damage. [demonic ancestry]
    86 | D:1      | Reached XP level 2. HP: 24/24 MP: 2/2
   116 | D:1      | You fall through a shaft!
   117 | D:2      | XOM: harmless Air miscast
   248 | D:2      | Found an ornate altar of the Wu Jian Council.
   248 | D:2      | Found a transporter.
   249 | D:2      | Noticed a killer bee
   362 | D:2      | Found a transporter.
   414 | D:2      | Gained mutation: You are partially covered in yellow
                  | scales. (AC +2) [demonic ancestry]
   414 | D:2      | Reached XP level 3. HP: 13/30 MP: 3/3
   546 | D:2      | XOM: silly message
   691 | D:2      | Reached skill level 4 in Fighting
   691 | D:2      | Reached skill level 1 in Dodging
   887 | D:2      | XOM: harmless Necr miscast
  1109 | D:1      | XOM: noise
  1450 | D:1      | XOM: mild Hex miscast
  1604 | D:1      | XOM: mild Tmut miscast
  1762 | D:2      | Reached XP level 4. HP: 37/37 MP: 4/4
  2032 | D:2      | Found a sparkling altar of Nemelex Xobeh.
  2032 | D:2      | Found an opulent altar of Gozag.
  2083 | D:2      | XOM: silly message
  2243 | D:2      | XOM: harmless Tmut miscast
  2468 | D:2      | XOM: 3-stop teleportation journey
  2491 | D:2      | XOM: scenery: create altars
  2896 | D:3      | XOM: 1-stop teleportation journey
  2904 | D:3      | XOM: scenery: create altars
  2916 | D:3      | XOM: scenery: create altars
  2919 | D:3      | Reached XP level 5. HP: 4/43 MP: 5/5
  2919 | D:3      | HP: 2/64 [poisoned by an orc wizard]
  2921 | D:3      | Succumbed to an orc wizard's poison

Vault maps used:
D:1:      shiori_shiawase
D:2:      grunt_temple_overflow_opulence, gammafunk_temple_overflow_arena
D:3:      led_sif_pool, ashenzari_altar_1, nicolae_ru_sacrificial_ziggurat

Skill      XL: |  1  2  3 |
---------------+----------+-----
Armour         | 2 |  2.5
Fighting       | 4 |  4.7
Dodging        | 1 |  1.8
Axes           | |  2.8
Throwing       | |  0.7

Action                   |  1- 3 |  4- 6 || total
-------------------------+-------+-------++-------
Melee: Hand axe          |   165 |   113 ||   278
Throw: Stone             |    13 |       ||    13
  Use: Scroll            |     1 |     3 ||     4
       Potion            |       |     4 ||     4
 Stab: Paralysed         |     1 |       ||     1
  Eat: Chunk             |     3 |     4 ||     7
Armor: Leather armour    |    77 |    61 ||   138
       Skin              |       |    12 ||    12
Dodge: Dodged            |   130 |    72 ||   202

Table legend:
 A = Non-vault XP
 B = Vault XP
 C = Vault XP percentage of total XP
 D = Non-vault monster count
 E = Vault monster count
 F = Vault count percentage of total count
                 A         B        C        D         E       F
            +---------+---------+-------+---------+---------+-------
      Total |     209 |       0 |   0.0 |      69 |       0 |   0.0
            +---------+---------+-------+---------+---------+-------
        D:1 |      49 |       0 |   0.0 |      24 |       0 |   0.0
        D:2 |      98 |       0 |   0.0 |      32 |       0 |   0.0
        D:3 |      62 |       0 |   0.0 |      13 |       0 |   0.0
            +---------+---------+-------+---------+---------+-------
